AoeStats
← Lukas

Arabia

505732109Analyzed
2v2 RM · 22d ago on Sep 10, 2026· 50m 46s· 4 players
Game mode
Random Map
Map size
Medium (4 player)
Population
200
Speed
Normal
Resources
Standard
Victory
Conquest
Starting age
Dark Age
Ending age
Imperial Age
RankedLock teamsTeams togetherTeam positionsShared explorationLock speedFull tech treeHidden civsTurbo modeCheats
Victory
Defeat
🇫🇷 Franks · France
1027
+12
🇫🇷 Slavs · France
1022
+12
🇨🇿 Goths · Czechia
945
-36
🇨🇿 Bulgarians · Czechia
945
-36
Ego59
2:25 Loom
11:19 Feudal Age
11:55 Man-at-Arms
15:15 Fletching
15:51 Horse Collar
18:01 Forging
19:33 Padded Archer Armor
21:01 Gold Mining
24:26 Castle Age
24:27 Scale Mail Armor
24:31 Crossbowman
24:34 Long Swordsman
25:59 Bloodlines
26:14 Bodkin Arrow
26:29 Heavy Plow
26:24 Double-Bit Axe
30:40 Wheelbarrow
31:09 Husbandry
32:11 Scale Barding Armor
32:05 Stone Mining
32:06 Town Watch
34:54 Pikeman
36:39 Chain Barding Armor
36:55 Iron Casting
37:12 Squires
41:55 Imperial Age
41:15 Chain Mail Armor
41:16 Leather Archer Armor
41:58 Masonry
41:59 Fortified Wall
42:41 Elite Boyar
43:38 Capped Ram
45:08 Plate Barding Armor
45:34 Blast Furnace
45:28 Detinets
45:36 Siege Ram
46:51 Plate Mail Armor
45:43 Two-Handed Swordsman
47:36 Heavy Cavalry Archer
Thay Crai Yon
11:18 Feudal Age
16:09 Double-Bit Axe
22:49 Castle Age
23:02 Crossbowman
31:30 Husbandry
35:45 Ballistics
36:58 Town Watch
37:42 Scale Barding Armor
39:21 Forging
46:11 Imperial Age
45:27 Wheelbarrow
45:25 Bow Saw
46:15 Town Patrol
46:46 Arrowslits
汉Wheesin汉
11:44 Feudal Age
10:06 Loom
11:51 Feudal Age
16:03 Arson
28:54 Castle Age
Lukas
3:22 Loom
11:15 Feudal Age
12:09 Man-at-Arms
15:26 Double-Bit Axe
17:38 Wheelbarrow
23:26 Castle Age
22:07 Fletching
30:13 Hand Cart
35:28 Stone Mining
37:09 Forging
37:00 Scale Mail Armor
37:58 Pikeman
Connection lost

Rejoining the realm…

Still unreachable

The connection could not be restored.

Session expired

The server has moved on; the page needs a fresh start.